[Event "BL 2024-25"]
[Site "Austria"]
[Date "2024.10.11"]
[Round "3.19"]
[White "Gschiel, Alexander"]
[Black "Ragger, Markus"]
[Result "0-1"]
[Annotator "TA"]
[ECO "E01"]
[WhiteElo "2326"]
[BlackElo "2584"]
[PlyCount "84"]
[EventDate "2024.08.28"]
[EventType "team-tourn"]
[EventCountry "AUT"]
[SourceTitle "playchess.com"]
[Source "ChessBase"]
[SourceQuality "1"]
[WhiteTeam "Pamhagen"]
[BlackTeam "Maria Saal"]
[TimeControl "40/5400+30:1800+30"]

1. d4 Nf6 2. Nf3 d5 3. c4 e6 4. g3 Nc6 5. Bg2 Rb8 6. Nc3 dxc4 7. Qa4 Bb4 8. O-O {[%emt 0:26:25] The position is equal.} Bxc3 9. bxc3 b5 10. Qc2 {[%emt 0:00:54][%mdl 1024] White has compensation.} O-O 11. Ng5 Bb7 12. e4 h6 13. Nh3 Qd7 14. Ba3 Rfd8 {[%emt 0:01:56][%cal Ob5b4] Black converts the advantage convincingly.} 15. Rad1 Qe8 16. Rfe1 a5 17. e5 (17. Bb2 $142) 17... Nd5 18. Bc1 (18. Bxd5 $17 {was worth a try.} Rxd5 19. Nf4) 18... Nce7 $19 19. Re4 (19. a3 $142) 19... Ng6 {[%emt 0:03:12] ...b4 would now be deadly.} 20. Rg4 Nde7 21. f3 (21. Bxb7 $142 Rxb7 22. Nf4) 21... b4 22. Nf2 {[%emt 0:02:02] [#]} b3 23. Qe2 Bd5 24. h4 h5 25. Rg5 Qb5 26. a4 (26. axb3 $142 cxb3 27. Qb2) 26... Qxa4 27. Rxh5 Qa2 28. Bb2 {[%emt 0:00:34] Hoping for Ra1.} a4 {[%emt 0:02:55] ...a3 is the strong threat.} 29. Ra1 a3 30. Rxa2 bxa2 31. Ba1 Rb1+ 32. Nd1 Rxa1 33. Kh2 Rb8 {[%emt 0:01:53][%cal Oa1d1] Threatens to win with ...Rxd1!} 34. Rg5 {[%emt 0:00:29] [#]} Rb2 $1 35. Nxb2 Rc1 36. h5 a1=Q (36... a1=B $2 {too greedy.} 37. Nxc4 Nf8 38. Nxa3 Bxc3 39. Qe3 $18) 37. hxg6 axb2 {[%emt 0:01:29] Black mates.} 38. gxf7+ Kxf7 39. Qe3 b1=Q 40. Rxg7+ Kxg7 41. Qg5+ Kf7 42. Qf6+ Ke8 {[%emt 0:00:02] Weighted Error Value: White=1.14/Black=0.25 (precise) .  Mistake:       	White=5     	---        Inaccurate:     	White=5     	Black=1      OK:         	White=5     	Black=10     Best:        	White=1     	Black=5} 0-1

[Event "BL 2024-25"]
[Site "Austria"]
[Date "2024.10.11"]
[Round "3.20"]
[White "Costa, Leonardo"]
[Black "Lovrinovic, Christian"]
[Result "1-0"]
[Annotator "TA"]
[ECO "B76"]
[WhiteElo "2472"]
[BlackElo "2053"]
[PlyCount "59"]
[EventDate "2024.08.28"]
[EventType "team-tourn"]
[EventCountry "AUT"]
[SourceTitle "playchess.com"]
[Source "ChessBase"]
[SourceQuality "1"]
[WhiteTeam "Maria Saal"]
[BlackTeam "Pamhagen"]
[TimeControl "40/5400+30:1800+30"]

1. e4 c5 2. Nf3 d6 3. d4 cxd4 4. Nxd4 Nf6 5. Nc3 g6 6. Be3 Bg7 7. f3 O-O 8. Qd2 Nc6 9. O-O-O d5 10. exd5 Nxd5 11. Nxc6 bxc6 12. Bd4 Nxc3 13. Qxc3 Bh6+ 14. Be3 Bxe3+ 15. Qxe3 Qb6 $1 16. Re1 Be6 17. h4 Rab8 (17... Bxa2 18. b3 Qa5 19. Qe5 Qxe5 20. Rxe5 $18) 18. b3 {[%emt 0:03:20] White is slightly better.} Qxe3+ 19. Rxe3 Rfd8 20. h5 Rb4 21. h6 (21. hxg6 $5 hxg6 22. Rc3 $14) 21... Rbd4 22. Be2 {[%emt 0:00:13] Prevents Rd1+.} R8d6 23. g3 Kf8 24. Re1 Bc8 25. f4 Re6 26. Bf3 Rxe3 (26... Rdd6 $142 27. R1e2 f6) 27. Rxe3 $16 Rd6 28. b4 Rd4 (28... a6 $142 29. Ra3 Bb7) 29. Bxc6 $18 Rxb4 $2 {[%emt 0:00:15] [#]} (29... f6 30. b5 g5 31. fxg5 fxg5) 30. Rd3 {[%emt 0:00:06] Weighted Error Value: White=0.03 (flawless) /Black=0.34.  Mistake:       	---       	Black=3      Inaccurate:     	---       	Black=1      OK:         	White=7     	Black=2      Best:        	White=1     	---} 1-0

[Event "BL 2024-25"]
[Site "Austria"]
[Date "2024.10.11"]
[Round "3.22"]
[White "Halvax, Georg"]
[Black "Horvath, Maria"]
[Result "1-0"]
[Annotator "TA"]
[ECO "D30"]
[WhiteElo "2443"]
[BlackElo "1893"]
[PlyCount "73"]
[EventDate "2024.08.28"]
[EventType "team-tourn"]
[EventCountry "AUT"]
[SourceTitle "playchess.com"]
[Source "ChessBase"]
[SourceQuality "1"]
[WhiteTeam "Maria Saal"]
[BlackTeam "Pamhagen"]
[TimeControl "40/5400+30:1800+30"]

1. d4 d5 2. c4 e6 3. Nf3 Nf6 4. e3 Be7 5. a3 O-O 6. Nbd2 b6 7. Bd3 Bb7 8. O-O {[%emt 0:00:18] The position is equal.} Nbd7 9. b4 c5 10. cxd5 exd5 11. bxc5 bxc5 12. dxc5 Nxc5 13. Be2 Bc6 14. Nd4 Ba4 15. Qe1 Qd7 16. N2f3 Bd6 17. Bd2 Rab8 18. Bb4 Nce4 19. Bxd6 Qxd6 20. Qa5 Bd7 21. h3 (21. Qxa7 $2 {perishes.} Ra8 22. Qb7 Rfb8 $19 (22... Rxa3 23. Rxa3 Qxa3 24. h3 $14) (22... Rxa3 23. Qb2 $14)) 21... Rb7 22. a4 Qb4 {[%emt 0:09:44] Black is now going downhill.} (22... g6 $14) 23. Qxb4 $16 Rxb4 24. a5 Nc3 25. Bd3 Nfe4 (25... Rc8 $16 {is a better defense.}) 26. Ne5 $18 Bb5 27. Bxb5 Nxb5 28. Nec6 Rb2 29. Nxb5 Rxb5 30. Nxa7 Rc5 31. Rfb1 {[%emt 0:01:58] Strongly threatening Rb6.} Nd6 {[%emt 0:03:38] [#]} 32. a6 $1 g6 33. Rb6 Nc4 (33... Ra8 34. Nc6 Nc8) 34. Rc6 {[%emt 0:01:13] White is clearly winning.} Ra5 35. Rxa5 Nxa5 36. Rc5 Ra8 37. Rc8+ {[%emt 0:00:10] Weighted Error Value: White=0.04 (flawless) /Black=0.21 (precise) .  Mistake:       	---       	Black=3      Inaccurate:     	White=1     	Black=2      OK:         	White=16    	Black=8      Best:        	White=2     	---        Strong:       	White=1     	---} (37. Rxa5 Rxa7 38. Kf1 (38. Rxd5 Rxa6 39. g3 Kf8 $14) 38... Kf8 $18) (37. Rxd5 Nb3 $16) 1-0

[Event "BL 2024-25"]
[Site "Austria"]
[Date "2024.10.11"]
[Round "3.24"]
[White "Hartl, Daniel"]
[Black "Rusek, Walter"]
[Result "1-0"]
[Annotator "RC"]
[ECO "D30"]
[WhiteElo "2248"]
[BlackElo "1838"]
[PlyCount "57"]
[EventDate "2024.08.28"]
[EventType "team-tourn"]
[EventCountry "AUT"]
[SourceTitle "playchess.com"]
[Source "ChessBase"]
[SourceQuality "1"]
[WhiteTeam "Maria Saal"]
[BlackTeam "Pamhagen"]
[TimeControl "40/5400+30:1800+30"]

1. d4 d5 2. c4 c6 3. Nf3 Nf6 4. e3 e6 5. b3 Nbd7 6. Bb2 b6 7. Bd3 Bb7 8. O-O Bd6 9. Ne5 O-O 10. Nd2 Rc8 11. e4 dxe4 12. Nxe4 Nxe4 13. Bxe4 Bxe5 14. dxe5 Nc5 15. Bc2 Qxd1 16. Rfxd1 Rfd8 17. Ba3 h6 18. f4 Kf8 19. b4 Na6 20. Be4 Ke8 21. Rd6 Ba8 22. c5 b5 23. f5 Ke7 24. Rf1 Nb8 25. Bb2 a5 26. bxa5 Na6 27. Bd4 Rd7 28. fxe6 fxe6 29. Bg6 1-0

[Event "BL 2024-25"]
[Site "Austria"]
[Date "2024.10.11"]
[Round "3.25"]
[White "Sarana, Alexey"]
[Black "Nguyen, Thai Dai Van"]
[Result "1/2-1/2"]
[Annotator "TA"]
[ECO "E47"]
[WhiteElo "2717"]
[BlackElo "2663"]
[PlyCount "109"]
[EventDate "2024.08.28"]
[EventType "team-tourn"]
[EventCountry "AUT"]
[SourceTitle "playchess.com"]
[Source "ChessBase"]
[SourceQuality "1"]
[WhiteTeam "Linz"]
[BlackTeam "Mistelbach"]
[TimeControl "40/5400+30:1800+30"]

1. d4 Nf6 2. c4 e6 3. Nc3 Bb4 4. e3 O-O 5. Bd3 c5 6. a3 cxd4 7. axb4 dxc3 8. Ne2 Nc6 9. b5 Ne5 10. Nxc3 d5 11. c5 Nxd3+ 12. Qxd3 Bd7 13. f3 {[%emt 0:03:25] Wards off Ne4} Qc8 14. b4 {[%emt 0:05:57] Black is weak on the dark squares} a6 15. bxa6 Rxa6 16. Bb2 Rxa1+ 17. Bxa1 b6 18. cxb6 Qb7 19. O-O Qxb6 20. Rb1 Rb8 21. Nd1 Bb5 22. Qd2 Nd7 23. Bd4 Qd6 24. f4 f6 25. Nf2 Bc4 26. Bc3 e5 27. Ra1 Re8 28. h3 Qb6 29. Re1 Ra8 30. Ra1 Re8 31. Re1 h6 32. Nd3 Qc6 33. Rc1 Qd6 34. Re1 Bb5 35. Nf2 Bc4 36. Ra1 Qb6 37. Re1 Nb8 38. Nd3 Nd7 39. Nb2 {[%emt 0:05:05] [#] Nxc4 is the strong threat.} Qc6 (39... exf4 $2 {loses.} 40. Nxc4 dxc4 41. Qxd7 $18) 40. Rd1 Nb6 {[%emt 0:00:23][%cal Od5d4] aiming for ...d4!} 41. fxe5 fxe5 42. Nd3 Nd7 43. Ra1 Qd6 44. Nf2 Nf6 (44... Qg6 {keeps more tension.} 45. Ra7 Nf6 46. Qd1 d4) 45. Ra5 Qe6 46. Qb2 Nd7 47. Ra7 Bb5 48. Ra5 Bc4 49. Ra7 {[%emt 0:00:00] The position is equal.} Bb5 50. Ra5 Qb6 51. Qa1 Bc4 52. Ra8 Rxa8 53. Qxa8+ Kh7 54. Qe8 Qxe3 55. Qxd7 {[%emt 0:00:00] A balanced but interesting game.   Weighted Error Value: White=0.06 (flawless) /Black=0.07 (flawless) .  Inaccurate:     	White=2     	Black=3      OK:         	White=22    	Black=19     Best:        	White=2     	---} 1/2-1/2

[Event "BL 2024-25"]
[Site "Austria"]
[Date "2024.10.11"]
[Round "3.26"]
[White "Pechac, Jergus"]
[Black "Andreikin, Dmitry"]
[Result "1-0"]
[Annotator "TA"]
[ECO "B41"]
[WhiteElo "2582"]
[BlackElo "2729"]
[PlyCount "71"]
[EventDate "2024.08.28"]
[EventType "team-tourn"]
[EventCountry "AUT"]
[SourceTitle "playchess.com"]
[Source "ChessBase"]
[SourceQuality "1"]
[WhiteTeam "Mistelbach"]
[BlackTeam "Linz"]
[TimeControl "40/5400+30:1800+30"]

1. e4 c5 2. Nf3 e6 3. d4 cxd4 4. Nxd4 a6 5. c4 Nf6 6. Nc3 Qc7 7. a3 b6 8. f4 Bb7 9. Bd3 Bc5 10. Nb3 {[%emt 0:01:47] White is slightly better.} d6 11. Nxc5 Qxc5 12. Qe2 Nbd7 13. g4 h6 14. b4 Qc7 15. Bb2 g5 (15... d5 $11 16. exd5 Qxf4) 16. Rf1 (16. O-O $16) 16... gxf4 $14 17. Rxf4 d5 $1 18. Rxf6 (18. Nxd5 {with more complications.} Nxd5 19. exd5 Qxf4 20. Bxh8 O-O-O 21. Bb2) 18... dxc4 {[%emt 0:03:46] [#]} (18... Nxf6 $11 19. exd5 O-O-O) 19. Nd5 $1 Bxd5 (19... exd5 $2 20. exd5+ Kd8 21. d6 $18 (21. Rxf7 Re8 $11)) 20. exd5 Nxf6 ({Black should play} 20... cxd3 21. Rxe6+ Kd8 (21... fxe6 22. Qxe6+ Kd8 23. Bxh8 $16) 22. Qxd3 fxe6 23. Bxh8 Qxh2) 21. Bxc4 $16 {[%emt 0:11:14] White is more active.} Qf4 22. dxe6 (22. Bxa6 O-O 23. d6 Nxg4 $17) 22... O-O 23. exf7+ (23. Bxa6 Rxa6 (23... Nxg4 24. Rd1 $15) 24. Bc1 Qd6 (24... Qxg4 $2 25. Qxa6 Re8 26. Be3 $19) 25. Qxa6 Qe5+ (25... fxe6 26. Qe2 $11) (25... Qxe6+ $2 26. Qe2 $19) (25... Qxh2 $2 26. exf7+ Rxf7 27. Qc8+ Kg7 28. Qc3 $19) 26. Qe2 Qxa1 $19) ({White should try} 23. Rd1 $1 Rad8 (23... fxe6 $2 24. Bxe6+ Kh8 25. Rd5 $18) 24. exf7+ (24. Bxa6 Rxd1+ 25. Kxd1 Qd6+ 26. Kc2 Qxe6 $11) 24... Kg7 25. Bd5 (25. Bxa6 Rxd1+ 26. Kxd1 Kxf7 $16)) 23... Rxf7 {[%emt 0:04:31][%cal Oa8e8] Threatens to win with ...Re8!} 24. Be5 $1 {[%emt 0:12:38] A strong pair of Bishops.} (24. Bxf7+ Kxf7 25. Be5 (25. Bxf6 $2 Re8 $19) 25... Qxg4 26. Qxg4 Nxg4 $11) 24... Qg5 {[%emt 0:00:05][%cal Oa8e8] Hoping for ...Re8!} 25. Bxf7+ Kxf7 26. Bxf6 $1 Qxf6 {[%emt 0:00:09][%mdl 4096] Endgame. [#] KQR-KQR} 27. Qc4+ $1 Kg6 {[%emt 0:08:06] [#]} 28. O-O-O $1 $36 {[%emt 0:02:02][%mdl 2048] Keeping Black busy.} Re8 {[%emt 0:00:51] Dodges Qe4+} 29. Kb1 (29. Qxa6 $2 {is the wrong capture.} Re3 (29... Qc3+ 30. Kb1 $11) 30. Rd3 Re6 $19) 29... b5 30. Qc5 (30. Qd3+ $16 Kg7 31. h3) 30... Re6 (30... Re2 $14 31. Rd6 Re1+ 32. Kc2 Re6 33. Qh5+ Kg7 34. Rxe6 Qxe6) 31. h4 Rc6 $2 {[%emt 0:01:26][%mdl 8192] This costs Black the game.} (31... Qf7 $16) 32. h5+ {[%emt 0:01:01] White mates.} Kg7 33. Qa7+ Kf8 34. Qa8+ Ke7 35. Qd8+ Kf7 36. Rd7+ {[%emt 0:00:07] Weighted Error Value: White=0.15 (very precise) /Black=0.36.  Loses game:     	---       	Black=1      Mistake:       	White=3     	Black=4      Inaccurate:     	White=1     	Black=1      OK:         	White=6     	Black=8      Best:        	White=2     	Black=3      Strong:       	White=4     	Black=1} 1-0

[Event "BL 2024-25"]
[Site "Austria"]
[Date "2024.10.11"]
[Round "3.27"]
[White "Vitiugov, Nikita"]
[Black "Kraus, Tomas"]
[Result "1-0"]
[Annotator "TA"]
[ECO "B31"]
[WhiteElo "2667"]
[BlackElo "2461"]
[PlyCount "57"]
[EventDate "2024.08.28"]
[EventType "team-tourn"]
[EventCountry "AUT"]
[SourceTitle "playchess.com"]
[Source "ChessBase"]
[SourceQuality "1"]
[WhiteTeam "Linz"]
[BlackTeam "Mistelbach"]
[TimeControl "40/5400+30:1800+30"]

1. e4 c5 2. Nf3 Nc6 3. Bb5 g6 4. O-O Bg7 5. Re1 e5 6. Bxc6 dxc6 7. d3 Qe7 8. a4 a5 9. Na3 Nf6 10. Bg5 h6 {White is slightly better.} 11. Be3 b6 12. Nc4 Nd7 13. Nfd2 Ba6 14. f4 $36 {[%mdl 2048] Black is under strong pressure. White is more active.} Qe6 {[#]} (14... O-O-O $142) 15. f5 $1 $16 gxf5 (15... Qf6 $16 {is a better defense.} 16. fxg6 Qxg6) 16. exf5 $18 Qe7 17. Qg4 Bf6 18. Qf3 Rc8 $2 (18... Bxc4 19. Qxc6 (19. Nxc4 Rc8 $18) (19. dxc4 Bg7 $18) 19... O-O 20. Nxc4 (20. dxc4 Bg7 $18) 20... Rac8) 19. Ne4 Bxc4 20. dxc4 Kd8 {Black is weak on the light squares} 21. Rad1 Kc7 22. Rd6 Qxd6 23. Nxd6 Kxd6 24. Qh5 Rh7 25. c3 (25. Bxh6 Rch8 $16) 25... Kc7 26. Rd1 (26. Bxh6 Rch8 27. Rd1 Rxh6 28. Qxf7 Rd8 $16) 26... Rg8 27. Qe2 {Qd3 would now be deadly.} (27. Bxh6 Rgh8 $11) 27... Be7 $2 {[#]} (27... Rd8 28. Qh5 Be7) 28. f6 $1 Nxf6 {[#]} (28... Re8 29. Rxd7+) 29. Bf4 $1 {[%mdl 512] White took control after the opening.   Weighted Error Value: White=0.18 (very precise) /Black=0.36.  Mistake:       	---       	Black=4      Inaccurate:     	White=2     	Black=2      OK:         	White=9     	Black=6      Best:        	White=1     	Black=1      Strong:       	White=1     	---        Brilliant:      	White=1     	---} 1-0

[Event "BL 2024-25"]
[Site "Austria"]
[Date "2024.10.11"]
[Round "3.28"]
[White "Stalmach, Richard"]
[Black "Rodshtein, Maxim"]
[Result "0-1"]
[Annotator "TA"]
[ECO "D85"]
[WhiteElo "2433"]
[BlackElo "2613"]
[PlyCount "54"]
[EventDate "2024.08.28"]
[EventType "team-tourn"]
[EventCountry "AUT"]
[SourceTitle "playchess.com"]
[Source "ChessBase"]
[SourceQuality "1"]
[WhiteTeam "Mistelbach"]
[BlackTeam "Linz"]
[TimeControl "40/5400+30:1800+30"]

1. d4 Nf6 2. c4 g6 3. Nf3 Bg7 4. Nc3 d5 5. cxd5 Nxd5 6. e4 Nxc3 7. bxc3 c5 8. h3 O-O 9. Be2 b6 10. Be3 Bb7 11. Qd3 Qd7 12. Rd1 {[%emt 0:05:25] The position is equal.} (12. dxc5 $2 Qxd3 13. Bxd3 Bxc3+ 14. Ke2 Bxa1 15. Rxa1 Nd7 $19) 12... Qa4 13. d5 ({But not} 13. dxc5 Bxe4 (13... Qxe4 14. Qxe4 Bxe4 15. O-O $17) 14. Qd2 Nc6 $17) 13... Qxa2 14. c4 {[%emt 0:00:32] [#]} (14. O-O $11 {remains equal.}) 14... Na6 $1 $17 {[%emt 0:02:12] ...Nb4 would now be deadly.} 15. Bd2 (15. O-O $142) 15... Nb4 {[%emt 0:05:23] Black is more active.} 16. Bxb4 cxb4 17. e5 {[%emt 0:01:19] [#]} b5 $1 18. cxb5 Rfd8 19. d6 (19. O-O {might work better.}) 19... exd6 $19 20. exd6 Rac8 {[%emt 0:12:14] White must now prevent ...Bc3+.} 21. d7 (21. O-O $142) 21... Bc3+ {[%emt 0:05:00] A strong pair of Bishops.} 22. Kf1 Rc7 23. Ng5 (23. Qe3 $142 Kg7 (23... Rdxd7 24. Qe8+ Kg7 25. Rxd7 $16) (23... Rcxd7 24. Rxd7 Qa1+ 25. Bd1 $11) 24. Ne5) 23... Rcxd7 {[%emt 0:01:40] Black is clearly winning.} 24. Qxd7 Rxd7 25. Rxd7 Bd5 {[%emt 0:00:08] ( -> ...Qa1+)} 26. Rxd5 Qxd5 27. f4 Qd2 {[%emt 0:00:42] White did not feel at home in the position after the opening.   Weighted Error Value: White=0.94/Black=0.03 (flawless) .  Mistake:       	White=5     	---        Inaccurate:     	White=1     	---        OK:         	White=5     	Black=9      Best:        	White=1     	---        Strong:       	---       	Black=1} 0-1

[Event "BL 2024-25"]
[Site "Austria"]
[Date "2024.10.11"]
[Round "3.29"]
[White "Shimanov, Aleksandr"]
[Black "Bures, Jaroslav"]
[Result "1-0"]
[Annotator "TA"]
[ECO "A06"]
[WhiteElo "2582"]
[BlackElo "2407"]
[PlyCount "151"]
[EventDate "2024.08.28"]
[EventType "team-tourn"]
[EventCountry "AUT"]
[SourceTitle "playchess.com"]
[Source "ChessBase"]
[SourceQuality "1"]
[WhiteTeam "Linz"]
[BlackTeam "Mistelbach"]
[TimeControl "40/5400+30:1800+30"]

1. Nf3 d5 2. b3 Bg4 3. Bb2 Nd7 4. e3 e6 5. h3 Bh5 6. d3 {[%emt 0:01:32] A06: Réti Opening: 1 Nf3 d5.} h6 7. Nbd2 c5 8. c4 $146 ({Predecessor:} 8. g4 Bg6 9. Bg2 Ne7 10. Qe2 Nc6 11. O-O-O a5 12. h4 a4 13. h5 Bh7 14. g5 axb3 15. axb3 {1-0 Efimenko,Z (2602)-Kuzubov,Y (2643) Gladiators May 10th blitz 2020 (3)}) 8... Ngf6 9. Be2 Bd6 10. cxd5 exd5 11. Nh4 Bxe2 12. Qxe2 O-O 13. Nf5 Be5 14. d4 cxd4 15. Nxd4 Rc8 16. O-O Ne4 17. N2f3 Bf6 18. Nf5 Nc3 19. Bxc3 Rxc3 20. Rad1 Qa5 21. Nh2 Ne5 22. f4 Ng6 23. Ng4 Rc6 24. a4 Re8 25. Qb5 Qxb5 26. axb5 Rb6 27. Rxd5 Ne7 28. Nxe7+ Rxe7 29. Rfd1 a6 30. Kf2 Re4 31. bxa6 bxa6 32. Rd6 Re6 33. Rxe6 fxe6 34. Rd3 a5 35. Kf3 Rb4 36. Nf2 a4 37. bxa4 Rxa4 38. Ne4 Be7 39. Rb3 Kf7 40. Rb7 Kf8 41. Nc3 Ra6 42. Rb5 Bf6 43. Ne4 Be7 44. g3 Ra1 45. h4 Rf1+ 46. Ke2 Rc1 47. h5 Rc2+ 48. Kf3 Kf7 49. Nf2 Rc5 $2 (49... Rc3 50. Rb7 e5 51. fxe5 (51. Ne4 Rc6 $18) 51... Ke6) 50. Rxc5 $18 Bxc5 51. Ng4 Bd6 52. Ke4 Bc7 53. Ne5+ Kf6 54. Ng6 Bb6 55. g4 Bc7 56. Kf3 Bd6 57. e4 Bc7 58. e5+ Kf7 59. Ke4 Bb6 60. f5 Bc5 61. Nf4 exf5+ 62. gxf5 $2 (62. Kxf5 Ba3 63. Ke4) 62... Ba3 $2 (62... Bg1 $18 63. Ne6 Bh2) 63. Kd5 Ke7 64. Kc6 Bb2 65. Ng6+ Kf7 {[%emt 0:00:18] [#]} 66. Kd6 $1 Bc3 {[%emt 0:01:10] [#]} 67. Nf4 $1 Bb2 68. Nd5 Ke8 69. Ke6 Bd4 70. Nf4 Bc3 71. Ng6 Bb2 72. f6 gxf6 73. exf6 Ba3 74. f7+ Kd8 75. f8=R+ Bxf8 76. Nxf8 1-0

[Event "BL 2024-25"]
[Site "Austria"]
[Date "2024.10.11"]
[Round "3.30"]
[White "Mikes, Jan"]
[Black "Bacrot, Etienne"]
[Result "1-0"]
[Annotator "TA"]
[ECO "B90"]
[WhiteElo "2349"]
[BlackElo "2658"]
[PlyCount "59"]
[EventDate "2024.08.28"]
[EventType "team-tourn"]
[EventCountry "AUT"]
[SourceTitle "playchess.com"]
[Source "ChessBase"]
[SourceQuality "1"]
[WhiteTeam "Mistelbach"]
[BlackTeam "Linz"]
[TimeControl "40/5400+30:1800+30"]

1. e4 c5 2. Nf3 d6 3. d4 cxd4 4. Nxd4 Nf6 5. Nc3 a6 6. Rg1 h5 (6... b5 $11) 7. h3 (7. Bg5 $14) 7... h4 ({Better is} 7... b5 $1 $11) 8. Be3 Nbd7 {[%emt 0:05:39] The position is equal.} 9. g4 {[%emt 0:04:44] [#] g5 would now be deadly.} hxg3 10. Rxg3 Qc7 11. Qe2 e5 12. Nb3 b5 13. O-O-O Bb7 14. Bg2 Rc8 15. Kb1 Nh5 16. Rg4 Nhf6 17. Rg3 g6 18. Bg5 Be7 {[%emt 0:01:05] Threatening ...Nh5.} 19. h4 Nh5 (19... b4 $5 20. Nd5 $8 Bxd5 21. exd5 Nh5 $11) 20. Rgd3 b4 {[%emt 0:19:08] [#] Threatens to win with ...Bxg5.} 21. Bxe7 Kxe7 22. Rxd6 $1 Ndf6 (22... Nhf6 $1 $11 {remains equal.} 23. Bh3 Rcd8 24. Nd5+ Bxd5 (24... Kxd6 $2 25. Nxc7+ Kxc7 26. Qc4+ Kb8 27. Qxb4 $18) 25. R6xd5 Rxh4 (25... Nxd5 26. exd5 Kf8 27. d6 $14)) 23. Na4 $16 {[%emt 0:12:33][%cal Bc3a4,Ba4c5,Bc5d3,Bd3e5][%mdl 32] Qd2 is the strong threat. Some like it hot. White has more active pieces.} Rhd8 (23... Qxd6 $2 {perishes.} 24. Rxd6 Kxd6 25. Qd2+ Kc7 26. Qxb4 $18) (23... Nf4 $16 {was called for.} 24. Qd2 Qxc2+ (24... Nxg2 $2 {loses.} 25. Qg5 $18) (24... Bxe4 $2 25. Qxb4 Bxc2+ 26. Ka1 $18) 25. Qxc2 Rxc2 26. Kxc2 Nxg2) 24. Rxd8 $18 Rxd8 25. Rxd8 Qxd8 26. Bf3 Kf8 27. Nac5 Bc8 28. Nd3 (28. Nxa6 Nf4 29. Qc4 Bxa6 30. Qxa6 Nh7 $14) 28... a5 29. Nxe5 Qc7 30. Qb5 {[%emt 0:00:59] Weighted Error Value: White=0.12 (very precise) /Black=0.31.  Mistake:       	White=1     	Black=3      Inaccurate:     	White=1     	Black=1      OK:         	White=9     	Black=5      Best:        	White=3     	Black=1      Strong:       	White=1     	---} 1-0

[Event "BL 2024-25"]
[Site "Austria"]
[Date "2024.10.11"]
[Round "3.31"]
[White "Dragnev, Valentin"]
[Black "Abasov, Nijat"]
[Result "1-0"]
[Annotator "TA"]
[ECO "C50"]
[WhiteElo "2562"]
[BlackElo "2619"]
[PlyCount "77"]
[EventDate "2024.08.28"]
[EventType "team-tourn"]
[EventCountry "AUT"]
[SourceTitle "playchess.com"]
[Source "ChessBase"]
[SourceQuality "1"]
[WhiteTeam "Ottakring"]
[BlackTeam "Feffernitz"]
[TimeControl "40/5400+30:1800+30"]

1. e4 e5 2. Nf3 Nc6 3. Bc4 Nf6 4. d3 Bc5 5. O-O h6 6. Nc3 O-O 7. a3 d6 8. Na4 Bb6 9. c3 Ne7 10. Nxb6 {[%emt 0:01:51] The position is equal.} axb6 11. Bb3 Ng6 12. Re1 Be6 13. Bc2 c6 14. d4 Qc7 15. Be3 Rfe8 16. h3 b5 17. Nd2 Rad8 18. Qf3 Nh7 19. d5 Bc8 20. dxc6 bxc6 21. a4 bxa4 22. Rxa4 Be6 23. Rea1 Rb8 24. b4 Qd8 25. Ra6 Ne7 (25... Ng5 $142 26. Qg3 c5) 26. Qg3 $16 Kh8 27. f4 f6 28. Ra7 {[%emt 0:04:39] Black is weak on the dark squares} ({White should try} 28. f5 Bc8 29. Ra7) 28... Rg8 (28... exf4 $16 29. Bxf4 Ng5) 29. Nf3 (29. f5 $18 Bd7 30. Nf3) 29... Nc8 30. R7a6 {[%emt 0:02:51] White has more active pieces.} Bc4 31. R6a5 $36 {[%emt 0:02:41][%cal Rf4e5][%mdl 2048] Keeping Black busy.} (31. Rxc6 $6 Bb5 32. Rca6 (32. Nh4 g5 $17) 32... Bxa6 33. Rxa6 Qc7 $11) 31... Nf8 $2 (31... Bf7 $16 32. Kh2 Qc7) 32. Nh4 (32. fxe5 $1 $18 {and the rest is easy.} fxe5 33. Rxe5) 32... exf4 (32... Nd7 $16 33. Qg4 Bf7) 33. Bxf4 $18 g5 {[%emt 0:00:07][%cal Ob8b7] [#]} 34. Be3 $1 gxh4 (34... Ne7 $142 35. Nf3 (35. Nf5 Nxf5 36. Rxf5 Rb5 $18) 35... Rb7) 35. Qxh4 Rb7 {[%emt 0:01:59] And now ...Ng6 would win.} 36. Rh5 (36. Qxh6+ $2 Rh7 37. Qf4 Ng6 $19 (37... Rxh3 38. Bd4 $17)) (36. Bxh6 Ng6 37. Qf2 Ne5 $17) 36... Be2 $2 (36... Rh7 37. e5 (37. Bxh6 Ng6 $17) (37. Rxh6 Rxh6 38. Bxh6 Ng6 $16) 37... Bd5 38. Bxh7 (38. exf6 $2 {loses.} Rxg2+ 39. Kf1 Rxc2 $19) 38... Rxg2+ 39. Kf1 Nxh7 40. Rxh6 (40. Bxh6 $2 Qg8 $19) 40... Rg7 (40... Qg8 $2 41. Qxf6+ Rg7 42. e6 $18) 41. exf6 Rf7) 37. Rxh6+ Nh7 38. Bd4 {[%emt 0:01:17] A strong pair of Bishops.} Rf7 {[%emt 0:04:24] [#]} 39. Rxh7+ $1 {[%emt 0:00:32][%mdl 512] Weighted Error Value: White=0.15 (very precise) /Black=0.49.  Mistake:       	White=3     	Black=6      Inaccurate:     	White=2     	Black=5      OK:         	White=10    	Black=9      Best:        	White=2     	Black=2      Strong:       	White=1     	---} 1-0